 Dungeon Crawl Stone Soup version 0.31-a0-187-gba352fbbf7 (webtiles) character file.

Game seed: 11592290770592645728

91 qw the Shooter (level 4, 0/25 HPs)
             Began as a Deep Elf Hunter on June 22, 2023.
             Slain by an ice beast (6 damage)
             ... on level 3 of the Dungeon.
             The game lasted 00:00:29 (1884 turns).

qw the Shooter (Deep Elf Hunter)                    Turns: 1884, Time: 00:00:30

Health: 0/25       AC:  3    Str: 10    XL:     4   Next: 33%
Magic:  6/6        EV: 12    Int: 14    God:
Gold:   169        SH:  0    Dex: 18    Spells: 3/3 levels left

rFire   . . .        Y - +3 shortbow
rCold   . . .        (shield currently unavailable)
rNeg    . . .        c - +0 leather armour
rPois   .            (no helmet)
rElec   .            (no cloak)
rCorr   .            (no gloves)
SInv    .            (no boots)
Will    +....        (no amulet)
Stlth   ++           i - ring of willpower
HPRegen 0.24/turn    (no ring)
MPRegen 0.10/turn

%: no passive effects
@: no status effects
A: no striking features
a: no special abilities


You were on level 3 of the Dungeon.
You visited 1 branch of the dungeon, and saw 3 of its levels.

You collected 169 gold pieces.


   Skills:
 - Level 1.5 Fighting
 + Level 7.7 Ranged Weapons
 - Level 2.4 Dodging
 - Level 1.2 Stealth


You had 3 spell levels left.
You didn't know any spells.
Your spell library was empty.

Inventory:

Hand Weapons
 Y - a +3 shortbow (weapon)
Armour
 c - a +0 leather armour (worn)
Jewellery
 i - a ring of willpower (left hand)
Potions
 a - a potion of curing {unknown}

Dungeon Overview and Level Annotations

Branches:
Dungeon (3/15)

Altars:


Message History

Enter note: You shoot an arrow.
The arrow hits the rat!
You kill the rat!
You now have 169 gold pieces (gained 5).
An ice beast comes into view.
Enter note:
Enter note:
Enter note:
Enter note: You shoot an arrow.
The arrow hits the ice beast!
The ice beast is heavily wounded.
You shoot an arrow. The arrow barely misses the ice beast.
You shoot an arrow.
The arrow hits the ice beast but does no damage.
The ice beast is moderately wounded.
You shoot an arrow. The arrow closely misses the ice beast.
The ice beast barely misses you.
You shoot an arrow.
The arrow hits the ice beast but does no damage.
The ice beast is moderately wounded.
The ice beast hits you but does no damage.
You shoot an arrow.
The arrow hits the ice beast but does no damage.
The ice beast is moderately wounded.
The ice beast completely misses you.
You shoot an arrow.
The arrow hits the ice beast but does no damage.
The ice beast is moderately wounded.
The ice beast hits you. The ice beast freezes you.
You shoot an arrow. The arrow hits the ice beast.
The ice beast is heavily wounded.
The ice beast hits you. The ice beast freezes you!
You shoot an arrow. The arrow hits the ice beast.
The ice beast is heavily wounded.
The ice beast barely misses you.
You shoot an arrow.
The arrow hits the ice beast but does no damage.
The ice beast is heavily wounded.
The ice beast hits you. The ice beast freezes you.
You die...

....# .#### .# ## .#
... .# #.# .#####.#
#.# .....[.# #.#
##.########.########
.....##..#......@..#
.##..##.......##Y.##
. #.....##...##..##
....#...##..##..##
##....#....##...
###############


You could see an ice beast.

Vanquished Creatures
  5 adders
  A dart slug (D:1)
  4 bats
  3 giant cockroaches (D:1)
  A goblin (D:1)
  3 hobgoblins
  3 jackals (D:2)
  6 kobolds
  4 quokkas
  6 ball pythons
  3 frilled lizards (D:1)
  6 rats
45 creatures vanquished.

Notes
Turn   | Place    | Note
-------+----------+-------------------------------------------
     0 | D:1      | qw the Deep Elf Hunter began the quest for the Orb.
     0 | D:1      | Reached XP level 1. HP: 12/12 MP: 3/3
     0 | D:1      | 0 ||| qw: Version: 0.3-a-9-g12657ce
     0 | D:1      | 0 ||| qw: Game counter: 2625
     0 | D:1      | 0 ||| qw: Always use a shield: true
     0 | D:1      | 0 ||| qw: God list: Okawaru
     0 | D:1      | 0 ||| qw: Allow faded altars: false
     0 | D:1      | 0 ||| qw: Do Orc after D:15 true
     0 | D:1      | 0 ||| qw: Do second Lair branch before Depths: true
     0 | D:1      | 0 ||| qw: Lair rune preference: random
     0 | D:1      | 0 ||| qw: Plans: Normal
     0 | D:1      | 0 ||| PLANNING D:1-11
   209 | D:1      | Reached skill level 6 in Ranged Weapons
   209 | D:1      | Reached XP level 2. HP: 16/16 MP: 4/4
   732 | D:1      | 732 ||| UPGRADING to ring of willpower.
   733 | D:1      | 733 ||| READING scroll labelled NYGHYO BOGHIP.
   734 | D:1      | 734 ||| READING 3 scrolls labelled VOFRYU EFIFO.
   735 | D:1      | 735 ||| READING 2 scrolls of enchant weapon.
   735 | D:1      | 735 ||| ENCHANTING +1 shortbow.
   736 | D:1      | 736 ||| READING scroll of enchant weapon.
   736 | D:1      | 736 ||| ENCHANTING +2 shortbow.
   737 | D:1      | 737 ||| READING scroll labelled HEBLUL ZUAMYAZ.
   742 | D:1      | 742 ||| READING scroll labelled XOACEFF UCRAJI.
   743 | D:1      | 743 ||| READING scroll labelled SODITI XIEGH.
   744 | D:1      | 744 ||| READING scroll labelled TOLIOGRERR.
   745 | D:1      | 745 ||| DROPPING scroll of butterflies.
  1033 | D:2      | Reached XP level 3. HP: 18/20 MP: 5/5
  1060 | D:2      | Reached skill level 7 in Ranged Weapons
  1358 | D:2      | Reached XP level 4. HP: 25/25 MP: 6/6
  1418 | D:2      | Found a faded altar of an unknown god.
  1874 | D:3      | Noticed an ice beast
  1882 | D:3      | HP: 6/25 [ice beast (7)]
  1884 | D:3      | Slain by an ice beast

Levels and vault maps discovered:
D:1:      nagdon_arrival_double_spiral, layout_basic, st_stairs_4,
          minmay_circled_x
D:2:      layout_basic, ebering_ecumenical_altar_sacrificial,
          chequers_serial_rivers_micro_d
D:3:      minmay_thinvault, layout_basic, lemuel_tele_altar

Skill      XL: |  1  2  3 |
---------------+----------+-----
Ranged Weapons | 6 7 |  7.7
Fighting       | |  1.5
Dodging        | |  2.4
Stealth        | |  1.2

Action                     |  1- 3 |  4- 6 || total
---------------------------+-------+-------++-------
   Fire: Shortbow          |    59 |    31 ||    90
    Use: Scroll            |     8 |       ||     8
 Armour: Leather armour    |     2 |     2 ||     4
  Dodge: Dodged            |     8 |     7 ||    15

Table legend:
 A = Non-vault XP
 B = Vault XP
 C = Vault XP percentage of total XP
 D = Non-vault monster count
 E = Vault monster count
 F = Vault count percentage of total count
                 A         B        C        D         E       F
            +---------+---------+-------+---------+---------+-------
      Total |     108 |      22 |  16.9 |      36 |       9 |  20.0
            +---------+---------+-------+---------+---------+-------
        D:1 |      29 |       7 |  19.4 |      17 |       6 |  26.1
        D:2 |      79 |       0 |   0.0 |      19 |       0 |   0.0
        D:3 |       0 |      15 | 100.0 |       0 |       3 | 100.0
            +---------+---------+-------+---------+---------+-------
